 Dungeon Crawl Stone Soup version 0.21-a0-442-g848f44b (webtiles) character file.

27 slep the Slasher (level 2, -4/21 HPs)
             Began as a Vampire Wanderer on Nov 15, 2017.
             Slain by a worm (8 damage)
             ... on level 2 of the Dungeon.
             The game lasted 00:03:18 (780 turns).

slep the Slasher (Vampire Wanderer)                  Turns: 780, Time: 00:03:19

Health: -4/21      AC:  4    Str:  9    XL:     2   Next: 93%
Magic:  2/2        EV: 10    Int: 15    God:
Gold:   105        SH:  0    Dex: 14    Spells: 1/1 levels left

rFire    . . .     SeeInvis +   a - +2 falchion
rCold    . . .     Gourm    .   (no shield)
rNeg     + . .     Faith    .   l - +0 leather armour
rPois    .         Spirit   .   (no helmet)
rElec    .         Reflect  .   (no cloak)
rCorr    .         Harm     .   (no gloves)
MR       .....                  h - +0 pair of boots
Stlth    ++........             (no amulet)
HPRegen  0.07/turn              (no ring)
MPRegen  0.08/turn              (no ring)

@: no status effects
A: fangs 3, see invisible, unbreathing
a: no special abilities


You were on level 2 of the Dungeon.
You were not thirsty.

You visited 1 branch of the dungeon, and saw 2 of its levels.

You collected 105 gold pieces.

Inventory:

Hand Weapons
 a - a +2 falchion (weapon)
 b - a +0 short sword
Armour
 d - a +0 robe
 h - a +0 pair of boots (worn)
 l - a +0 leather armour (worn)
Scrolls
 i - 2 scrolls of identify {unknown}
 j - a scroll of remove curse {unknown}
 k - a scroll of random uselessness {unknown}
 m - 2 scrolls of fear {unknown}
Potions
 c - a potion of curing
 e - 13 potions of blood
 f - a potion of heal wounds {unknown}
 g - a potion of degeneration {unknown}


   Skills:
 + Level 1.0 Fighting
 + Level 4.8 Long Blades
   Level 1.7 Axes
 + Level 1.0 Armour
 + Level 2.3 Stealth
   Level 1.0 Shields


You had one spell level left.
You didn't know any spells.

Dungeon Overview and Level Annotations

Branches:
Dungeon (2/15)

Altars:
Dithmenos


Innate Abilities, Weirdness & Mutations

You have razor-sharp teeth.
You have supernaturally acute eyesight. (SInv)
You can survive without breathing.


Message History

The worm is lightly wounded.
The worm bites you.
You hit the worm. You bite the worm, but do no damage.
The worm is moderately wounded.
The worm bites you!
You hit the worm.
The worm is moderately wounded.
You hit the worm.
The worm is heavily wounded.
The worm bites you.
You hit the worm.
The worm is severely wounded.
The worm bites you!
* * * LOW HITPOINT WARNING * * *
You hit the worm but do no damage.
The worm is severely wounded.
You hit the worm.
The worm is almost dead.
The worm bites you!
You die...

#####.....##### #.....#
#..........# ##...##
#.#.....##.# ##.##
##.#......#.##########.#
####.......#..............#
...............#.##########
####........####.#
##......## #.# #.###### #@#
#.# #w# #.# ... # #.# #...#
#####.# #...# ......##
#...# .......### .....
...>#...... .>...
.......####


You could see a worm.

Vanquished Creatures
  2 dart slugs (D:1)
  2 bats
  A giant cockroach (D:1)
  6 goblins (D:1)
  2 hobgoblins
  A quokka (D:2)
  4 kobolds
  5 rats
23 creatures vanquished.

Notes
Turn   | Place    | Note
-------+----------+-------------------------------------------
     0 | D:1      | slep the Vampire Wanderer began the quest for the Orb.
     0 | D:1      | slep set off with: a +2 falchion, a +0 short sword, a potion of curing, a +0 robe, a potion of blood
     0 | D:1      | Reached XP level 1. HP: 15/15 MP: 1/1
   141 | D:1      | Reached XP level 2. HP: 9/21 MP: 2/2
   693 | D:2      | Found a shadowy altar of Dithmenos.
   780 | D:2      | Slain by a worm

Vault maps used:
D:1:      matt_arrival_los_fun
D:2:      marbit_many_paths, old_standard_altar

Skill      XL: |  1  2 |
---------------+-------+-----
Stealth        | 2 |  2.3
Fighting       | |  1.0
Long Blades    | |  4.8
Axes           | |  1.7
Armour         | |  1.0
Shields        | |  1.0

Action                   || total
-------------------------++-------
Melee: Falchion          ||    68
       Bite              ||     5
 Stab: Sleeping          ||     3
  Eat: Corpse            ||     2
Armor: Robe              ||     6
       Leather armour    ||     5
Dodge: Dodged            ||    28
       Rpst.: Falchion   ||     7

Table legend:
 A = Spawn XP
 B = Non-spawn XP
 C = Spawn XP percentage of total XP
 D = Spawn monster count
 E = Non-spawn monster count
 F = Spawn count percentage of total count
 G = Total turns spent on level
                    A         B        C        D         E        F      G
               +---------+---------+-------+---------+---------+-------+---------
         Total |       0 |      39 |   0.0 |       0 |      23 |   0.0 |   780
               +---------+---------+-------+---------+---------+-------+---------
           D:1 |       0 |      31 |   0.0 |       0 |      17 |   0.0 |   601
           D:2 |       0 |       8 |   0.0 |       0 |       6 |   0.0 |   179
               +---------+---------+-------+---------+---------+-------+---------
